 Dungeon Crawl Stone Soup version 0.26-a0-519-gb2f46efeda (webtiles) character file.

Game seed: 1870658029992602377

4239 MrRokkomies the Tainter (level 9, -1/74 HPs)
             Began as a Demigod Venom Mage on Aug 11, 2020.
             Slain by Joseph
             ... wielding a +0 quarterstaff
              (13 damage)
             ... on level 8 of the Dungeon.
             The game lasted 00:27:06 (12303 turns).

MrRokkomies the Tainter (Demigod Venom Mage)       Turns: 12303, Time: 00:27:06

Health: -1/74      AC:  8    Str: 11    XL:     9   Next: 84%
Magic:  14/17      EV: 11    Int: 25    God:
Gold:   137        SH: 12    Dex: 16    Spells: 2/15 levels left

rFire    + . .     SeeInvis .   a - +0 scimitar
rCold    . . .     Faith    .   i - +2 kite shield
rNeg     + . .     Spirit   .   w - +0 leather armour of Weak Satisfaction {rPois rN+ MP-9 Slay+3}
rPois    +         Reflect  .   I - +2 helmet
rElec    .         Harm     .   j - +0 cloak
rCorr    .                      (no gloves)
MR       .....                  e - +0 pair of boots
Stlth    ++........             (no amulet)
HPRegen  0.22/turn              G - ring of magical power
MPRegen  0.15/turn              K - ring of protection from fire

@: no status effects
A: high mp 1
a: no special abilities


You were on level 8 of the Dungeon.
You visited 1 branch of the dungeon, and saw 8 of its levels.

You collected 349 gold pieces.
You spent 212 gold pieces at shops.

Inventory:

Hand Weapons
 a - a +0 scimitar (weapon)
 b - the +9 war axe of Lust {antimagic, rF+}
   (You bought it in a shop on level 4 of the Dungeon)

   It reduces the magical energy of the wielder, and disrupts the spells and
   magical abilities of those hit.
   Natural abilities and divine invocations are not affected.
   It protects you from fire.
 f - a +1 short sword
 r - a +3 dagger
 y - a +1 rapier of holy wrath
Missiles
 c - 28 poisoned darts (quivered)
 q - 4 curare-tipped darts
 A - 4 throwing nets
Armour
 e - a +0 pair of boots (worn)
 i - a +2 kite shield (worn)
 j - a +0 cloak (worn)
 w - the +0 leather armour of Weak Satisfaction (worn) {rPois rN+ MP-9 Slay+3}
   (You found it on level 7 of the Dungeon)

   It affects your accuracy and damage with ranged weapons and melee attacks
   (+3).
   It protects you from poison.
   It protects you from negative energy.
   It affects your magic capacity (-9).
 z - a +3 leather armour
 I - a +2 helmet (worn)
Jewellery
 G - a ring of magical power (left hand)
 H - an uncursed ring of wizardry
 K - a ring of protection from fire (right hand)
Wands
 v - a wand of polymorph (2)
 D - a wand of random effects (29)
Scrolls
 o - 5 scrolls of teleportation
 t - 2 scrolls of fear
 B - 2 scrolls of magic mapping
 C - a scroll of immolation
 E - 5 scrolls of blinking
 F - 5 scrolls of remove curse
Potions
 d - 4 potions of flight
 h - a potion of lignification
 k - 2 potions of stabbing
 l - 2 potions of curing
 m - 3 potions of haste
 n - a potion of might
 p - 3 potions of brilliance
 s - a potion of heal wounds
 u - a potion of invisibility {unknown}
 J - a potion of ambrosia {unknown}


   Skills:
 + Level 5.3 Fighting
 - Level 3.1 Dodging
 - Level 1.7 Stealth
 * Level 7.2 Shields
 + Level 3.5 Spellcasting
 - Level 4.0 Transmutations
 * Level 8.3 Poison Magic


You had 2 spell levels left.
You knew the following spells:

 Your Spells              Type           Power        Failure   Level
a - Sting                 Tmut/Pois      ####         2%          1
b - Poisonous Vapours     Pois/Air       ####..       10%         2
c - Mephitic Cloud        Conj/Pois/Air  ###.....     32%         3
d - Ignite Poison         Fire/Tmut/Pois ####....     19%         3
e - Olgreb's Toxic Radia  Pois           #####...     11%         4

Your spell library contained the following spells:

 Spells                   Type           Power        Failure   Level
 Animate Skeleton         Necr           #.....       34%         1
 Apportation              Tloc           #.....       34%         1
 Corona                   Hex            #......      34%         1
 Magic Dart               Conj           #...         34%         1
 Summon Small Mammal      Summ           #...         34%         1
 Blink                    Tloc           N/A          47%         2
 Call Imp                 Summ           #.......     47%         2
 Slow                     Hex            #.......     47%         2
 Confusing Touch          Hex            #.......     71%         3
 Conjure Flame            Conj/Fire      #.......     71%         3
 Gell's Gravitas          Tloc           #.........   71%         3
 Inner Flame              Hex/Fire       #.......     71%         3
 Portal Projectile        Hex/Tloc       #.....       71%         3
 Petrify                  Tmut/Erth      ##......     83%         4
 Cause Fear               Hex            #.........   98%         4
 Leda's Liquefaction      Hex/Erth       #.........   98%         4
 Yara's Violent Unravell  Hex/Tmut       ##........   99%         5
 Metabolic Englaciation   Hex/Ice        #.........   100%        5


Dungeon Overview and Level Annotations

Branches:
Dungeon (8/15)             Temple (0/1) D:4            Lair (0/6) D:8

Shops:
D:4 (

Annotations:
D:6 1 runed translucent door
D:8 1 runed translucent door, Joseph; Maggie; xoxolimbo's ghost, novice DsFE


Innate Abilities, Weirdness & Mutations

You have an increased reservoir of magic. (+10% MP)


Message History

You feel your magic capacity increase. You block Joseph's attack.
Casting: Sting (safe; 2% risk of failure)
Confirm with . or Enter, or press ? or * to list all spells.
Aiming: Sting (safe; 2% risk of failure)
Press: ? - help, Shift-Dir - straight line, f/p - Joseph
Aim: Joseph, wielding a +0 quarterstaff, wearing a +0 leather armour, quivering 17 sling bullets and carrying a wand of polymorph (6) (moderately wounded, very poisoned)
The sting hits Joseph!
Joseph looks as sick as possible!
Joseph is heavily wounded.
You block Joseph's attack.
You completely miss Joseph.
Joseph is heavily wounded.
Joseph hits you with a +0 quarterstaff!
You slash Joseph!
Joseph is severely wounded.
Joseph zaps a wand.
You easily resist.
Joseph hits you with a +0 quarterstaff!
* * * LOW HITPOINT WARNING * * *
You slash Joseph!
Joseph is almost dead.
Joseph hits you with a +0 quarterstaff!
You die...

.... #............#
.... +......#.....#
..##..##†...###...## ##
............###...##..#
........#...#..(.......
............#..(.......
.....#....####..#......
...>......####.(#######
.#.........#...@.#
...........#...@.#
..........##....##
#....# ....... (..?....
#..#.##.# ##### ###


You could see Joseph (very poisoned).

Vanquished Creatures
  Harold (D:7)
  Pikel (D:5)
  Sigmund (D:2)
  Eustachio (D:4)
  Menkaure (D:7)
  Duvessa (D:5)
  An orc warrior (D:5)
  An ice beast (D:8)
  2 phantoms (D:4)
  A black bear (D:6)
  4 ogres
  2 centaurs
  Blork the orc (D:4)
  2 bullfrogs
  2 scorpions
  A howler monkey (D:6)
  3 orc priests
  7 hounds
  3 jellies
  A gnoll shaman (D:5)
  3 iron imps (D:6)
  6 orc wizards
  3 iguanas
  11 worker ants
  A howler monkey zombie (D:5)
  A worker ant zombie (D:5)
  8 adders
  A river rat (D:8)
  2 shadow imps
  5 white imps
  3 ufetubi
  2 oozes (D:3)
  2 adder skeletons
  5 worms
  5 dart slugs
  5 leopard geckos
  28 orcs
  11 bats
  5 giant cockroaches
  12 goblins
  5 hobgoblins
  10 jackals
  8 kobolds
  2 quokkas
  4 ball pythons
  8 frilled lizards
  A leopard gecko zombie (D:5)
  3 rats (D:1)
197 creatures vanquished.

Notes
Turn   | Place    | Note
-------+----------+-------------------------------------------
     0 | D:1      | MrRokkomies the Demigod Venom Mage began the quest for the
                  | Orb.
     0 | D:1      | Reached XP level 1. HP: 14/14 MP: 5/5
   126 | D:1      | Reached skill level 1 in Transmutations
   303 | D:1      | Reached XP level 2. HP: 22/22 MP: 7/7
   686 | D:1      | Reached skill level 3 in Poison Magic
   822 | D:1      | Learned a level 2 spell: Poisonous Vapours
  1047 | D:1      | Reached skill level 1 in Fighting
  1052 | D:1      | Reached XP level 3. HP: 11/28 MP: 3/8
  1493 | D:2      | Reached XP level 4. HP: 13/35 MP: 0/9
  1733 | D:2      | Learned a level 3 spell: Mephitic Cloud
  2476 | D:2      | You fall into a shaft and drop 1 floor!
  2509 | D:3      | Found a stormy altar of Qazlal.
  2770 | D:3      | Reached XP level 5. HP: 39/41 MP: 10/10
  2950 | D:2      | Noticed Sigmund
  3399 | D:3      | Found a shattered altar of Ashenzari.
  3412 | D:3      | Reached skill level 1 in Shields
  3760 | D:4      | Reached skill level 4 in Poison Magic
  4271 | D:4      | Found a staircase to the Ecumenical Temple.
  4412 | D:4      | Reached XP level 6. HP: 24/48 MP: 6/11
  4762 | D:4      | Noticed Blork the orc
  4854 | D:4      | Killed Blork the orc
  5310 | D:4      | Reached XP level 7. HP: 16/56 MP: 12/12
  5550 | D:4      | Noticed Eustachio
  5560 | D:4      | Killed Eustachio
  5560 | D:4      | Reached skill level 5 in Poison Magic
  5587 | D:4      | You fall into a shaft and drop 1 floor!
  5587 | D:5      | Entered Level 5 of the Dungeon
  5587 | D:5      | Noticed Duvessa
  5588 | D:5      | Noticed Dowan
  5588 | D:5      | Noticed Dowan
  5588 | D:5      | Dowan changed into Dowan the worm
  5613 | D:5      | Killed Dowan the worm
  5617 | D:5      | Killed Duvessa
  7013 | D:5      | Noticed Pikel
  7092 | D:5      | Reached XP level 8. HP: 30/63 MP: 11/13
  7289 | D:5      | Learned a level 3 spell: Ignite Poison
  7473 | D:5      | Killed Pikel
  7473 | D:5      | Reached skill level 5 in Shields
  7473 | D:5      | Reached skill level 6 in Poison Magic
  7963 | D:4      | Found Mocyomav's Antique Weapon Boutique.
  7968 | D:4      | Bought a crystal war axe for 212 gold pieces
  7968 | D:4      | Identified the +9 war axe of Lust {antimagic, rF+} (You
                  | bought it in a shop on level 4 of the Dungeon)
  8430 | D:2      | Killed Sigmund
  9047 | D:6      | Reached skill level 7 in Poison Magic
  9315 | D:6      | Found a runed translucent door.
  9451 | D:6      | Reached XP level 9. HP: 70/72 MP: 15/15
  9482 | D:6      | Found a burning altar of Makhleb.
 10083 | D:6      | Found a sparkling altar of Nemelex Xobeh.
 10169 | D:6      | Found a sacrificial altar of Ru.
 10381 | D:7      | Got a spiked leather armour
 10419 | D:7      | Identified the +0 leather armour of Weak Satisfaction
                  | {rPois rN+ MP-9 Slay+3} (You found it on level 7 of the
                  | Dungeon)
 10611 | D:7      | Learned a level 4 spell: Olgreb's Toxic Radiance
 10618 | D:7      | Noticed Harold
 10636 | D:7      | Killed Harold
 10636 | D:7      | Reached skill level 5 in Fighting
 10636 | D:7      | Reached skill level 8 in Poison Magic
 10841 | D:7      | Noticed Menkaure
 10850 | D:7      | Killed Menkaure
 12024 | D:8      | Found a runed translucent door.
 12024 | D:8      | Noticed xoxolimbo's ghost (novice DsFE)
 12057 | D:8      | Noticed a death yak
 12057 | D:8      | Noticed a death yak
 12058 | D:8      | Noticed a death yak
 12070 | D:8      | Noticed a two-headed ogre
 12073 | D:8      | Noticed Maggie
 12076 | D:8      | Found a sacrificial altar of Ru.
 12083 | D:8      | HP: 2/74 [two-headed ogre/+0 giant club (19)]
 12084 | D:8      | Found a staircase to the Lair.
 12280 | D:8      | Noticed Joseph
 12303 | D:8      | Slain by Joseph

Illustrated notes

Levels and vault maps discovered:
D:1:      minmay_arrival_open_corners, layout_basic
D:2:      cheibrodos_pilgrimage, layout_basic, uniq_sigmund
D:3:      layout_loops_ring, grunt_qazlal_sundering, evilmike_ruin_ashenzari
D:4:      layout_basic, minmay_temple_entry_trees, serial_shops,
          kennysheep_little_box, uniq_blork_the_orc, uniq_eustachio
D:5:      kennysheep_six_static_rooms, layout_loops_corners, minmay_lizard_king,
          uniq_duvessa, uniq_pikel
D:6:      layout_basic, demons_altar, kennysheep_mini,
          lemuel_coloured_pillars_altar, lightli_church_of_beogh
D:7:      layout_layer_cave, uniq_harold, uniq_menkaure
D:8:      layout_gridville, dpeg_lair_monsters, ebering_ghost_reflecting_pool,
          basic_altar, uniq_grum, uniq_erica, uniq_maggie, uniq_joseph

Skill      XL: |  1  2  3  4  5  6  7  8  9 |
---------------+----------------------------+-----
Transmutations | 1 2 3 4 |  4.0
Dodging        | 2 3 |  3.1
Poison Magic   | 3 4 5 7 8 |  8.3
Fighting       | 1 2 3 4 5 |  5.3
Shields        | 1 3 4 5 7 |  7.2
Spellcasting   | 2 3 |  3.5
Stealth        | |  1.7

Action                   |  1- 3 |  4- 6 |  7- 9 || total
-------------------------+-------+-------+-------++-------
Melee: Short sword       |    55 |   186 |       ||   241
       Unarmed           |     3 |       |     7 ||    10
       Scimitar          |       |    48 |   397 ||   445
       Dagger            |       |    33 |       ||    33
       Rapier            |       |       |    13 ||    13
Throw: Dart              |     7 |    19 |    21 ||    47
 Cast: Sting             |    16 |    23 |    80 ||   119
       Poisonous Vapours |     2 |     2 |       ||     4
       Olgreb's Toxic Ra |       |       |     3 ||     3
Evoke: Wand              |       |       |     5 ||     5
  Use: Scroll            |     6 |    12 |     9 ||    27
       Potion            |       |     2 |     5 ||     7
 Stab: Sleeping          |     1 |     7 |     4 ||    12
Armor: Robe              |    30 |    47 |       ||    77
       Leather armour    |       |       |   127 ||   127
Dodge: Dodged            |    69 |   131 |   189 ||   389
Block: Kite shield       |       |   128 |   319 ||   447
       Rpst.: Scimitar   |       |    11 |    47 ||    58

Table legend: (Time is in decaauts)
 A = Elapsed time spent in this place.
 B = Non-inter-level travel time spent in this place.
 C = Inter-level travel time spent in this place.
 D = Time resting spent in this place.
 E = Time spent auto-exploring this place.
 F = Levels seen in this place.
 G = Mean time per level.
                   A        B        C        D        E       F      G
               +--------+--------+--------+--------+--------+-----+--------+
         Total |  12566 |  12243 |    323 |   2827 |   7242 |   8 | 1570.8 |
       Dungeon |  12566 |  12243 |    323 |   2827 |   7242 |   8 | 1570.8 |
               +--------+--------+--------+--------+--------+-----+--------+

Top non-repeatable levels by time:
     D:5: 2502 daAuts
     D:4: 2374 daAuts
     D:7: 1571 daAuts
     D:6: 1548 daAuts
     D:2: 1543 daAuts
     D:1: 1353 daAuts
     D:3: 1167 daAuts
     D:8: 504 daAuts
